 Dungeon Crawl Stone Soup version 0.24.0-123-gd5b16e6ec5 (webtiles) character file.

Game seed: 10800263100306670515, levelgen mode: deterministic

413 Delamore the Cleaver (level 6, -2/51 HPs)
             Began as a Hill Orc Fighter on Dec 28, 2019.
             Killed by nerve-wracking pain
             ... invoked by Grinder
              (14 damage)
             ... on level 5 of the Dungeon.
             The game lasted 00:03:35 (4064 turns).

Delamore the Cleaver (Hill Orc Fighter)             Turns: 4064, Time: 00:03:36

Health: -2/51      AC: 11    Str: 21    XL:     6   Next: 90%
Magic:  6/6        EV:  3    Int:  8    God:
Gold:   146        SH:  8    Dex: 10    Spells: 5/5 levels left

rFire    + . .     SeeInvis .   a - +0 war axe
rCold    . . .     Gourm    .   c - +0 shield
rNeg     . . .     Faith    .   l - +0 plate armour
rPois    .         Spirit   .   (no helmet)
rElec    .         Reflect  .   (no cloak)
rCorr    .         Harm     .   y - +0 pair of gloves
MR       .....                  (no boots)
Stlth    ..........             (no amulet)
HPRegen  0.17/turn              i - +1 ring of slaying
MPRegen  0.10/turn              g - ring of protection from fire

@: heavily drained
A: no striking features
a: no special abilities


You were on level 5 of the Dungeon.
You were not hungry.

You visited 1 branch of the dungeon, and saw 5 of its levels.

You collected 146 gold pieces.

Inventory:

Hand Weapons
 a - a +0 war axe (weapon)
Armour
 b - a +0 scale mail
 c - a +0 shield (worn)
 l - a +0 plate armour (worn)
 y - a +0 pair of gloves (worn)
Jewellery
 g - a ring of protection from fire (right hand)
 i - a +1 ring of slaying (left hand)
 v - an uncursed ring of poison resistance {unknown}
Scrolls
 e - 7 scrolls of identify {unknown}
 h - 3 scrolls of amnesia {unknown}
 j - 2 scrolls of enchant weapon {unknown}
 k - 4 scrolls of teleportation {unknown}
 m - a scroll of magic mapping {unknown}
 r - a scroll of remove curse {unknown}
 s - a scroll of enchant armour {unknown}
 u - 2 scrolls of fog {unknown}
Potions
 d - a potion of might
 n - 2 potions of magic {unknown}
 o - a potion of flight {unknown}
 p - 4 potions of curing {unknown}
 q - 2 potions of degeneration {unknown}
 t - a potion of lignification {unknown}
 w - a potion of resistance {unknown}
Comestibles
 f - 6 rations


   Skills:
 - Level 3.6(2.1) Fighting
 + Level 9.4(7.7) Axes
 - Level 3.2(1.8) Armour
 - Level 3.2(1.8) Shields


You had 5 spell levels left.
You didn't know any spells.
Your spell library contained the following spells:

 Spells                   Type           Power        Failure   Level  Hunger
 Confusing Touch          Hex            #.....       100%        1    ##.....
 Magic Dart               Conj           #...         100%        1    ##.....
 Searing Ray              Conj           #.....       100%        2    ###....
 Confuse                  Hex            #.......     100%        3    ####...
 Dazzling Spray           Conj/Hex       #.....       100%        3    ####...
 Gell's Gravitas          Tloc           #.........   100%        3    ####...
 Force Lance              Conj/Tloc      #.......     100%        4    #####..
 Fulminant Prism          Conj/Hex       #.........   100%        4    #####..
 Iskenderun's Mystic Bla  Conj           #.......     100%        4    #####..
 Petrify                  Tmut/Erth      #.......     100%        4    #####..
 Metabolic Englaciation   Hex/Ice        #.........   100%        5    ######.
 Yara's Violent Unravell  Hex/Tmut       #.........   100%        5    ######.


Dungeon Overview and Level Annotations

Branches:
Dungeon (5/15)
 Temple: D:4-7

Altars:
Hepliaklqana

Annotations:
D:5 Grinder


Message History

You block Grinder's attack. Grinder hits you but does no damage.
You completely miss Grinder. Grinder gestures at you.
You suddenly lose the ability to move!
Grinder hits you.
You writhe in agony.
Grinder hits you.
You writhe in agony.
Grinder says, "Just stop there for a second..."
Grinder hits you but does no damage.
Grinder blinks!
You can move again.
Grinder says, "DUCK!"
Grinder blinks!
Grinder gestures at you. Pain shoots through your body!
* * * LOW HITPOINT WARNING * * *
Grinder gestures at you. Pain shoots through your body!
* * * LOW HITPOINT WARNING * * *
Grinder says, "Tell me all your secrets, or I'll kill you."
Grinder gestures at you. Pain shoots through your body!
You die...

...
#.########
#.#......#
#.#.#..#.#
#.#.#<.#@#
#.#.##.#.#
#.#....#5#
#.######.#
#....O.O.#
##########


You could see Grinder and an ogre.

Vanquished Creatures
  An ogre (D:4)
  A scorpion (D:4)
  2 orc wizards (D:4)
  2 worker ants (D:4)
  7 adders
  2 oozes
  7 worms
  2 dart slugs (D:1)
  10 orcs
  5 giant cockroaches
  4 goblins
  4 hobgoblins
  10 jackals
  8 kobolds
  A quokka (D:2)
  6 bats
  A frilled lizard (D:3)
  14 rats
87 creatures vanquished.

Notes
Turn   | Place    | Note
-------+----------+-------------------------------------------
     0 | D:1      | Delamore the Hill Orc Fighter began the quest for the Orb.
     0 | D:1      | Reached XP level 1. HP: 19/19 MP: 1/1
     6 | D:1      | Reached skill level 3 in Axes
    32 | D:1      | Reached XP level 2. HP: 24/26 MP: 2/2
   303 | D:1      | Reached skill level 4 in Axes
   680 | D:1      | Reached XP level 3. HP: 13/31 MP: 3/3
  1318 | D:2      | Reached skill level 5 in Axes
  1635 | D:2      | Reached XP level 4. HP: 39/39 MP: 4/4
  1959 | D:2      | Found a faded altar of an unknown god.
  2272 | D:3      | Reached skill level 6 in Axes
  2509 | D:3      | Found a hazy altar of Hepliaklqana.
  2525 | D:3      | Reached XP level 5. HP: 36/45 MP: 5/5
  3150 | D:4      | Reached skill level 7 in Axes
  3209 | D:4      | Noticed an ogre
  3214 | D:4      | Killed an ogre
  3214 | D:4      | Reached skill level 8 in Axes
  3214 | D:4      | Reached XP level 6. HP: 23/51 MP: 6/6
  3682 | D:4      | Reached skill level 9 in Axes
  4023 | D:5      | Entered Level 5 of the Dungeon
  4042 | D:5      | Noticed Grinder
  4043 | D:5      | Paralysed by Grinder for 7 turns
  4051 | D:5      | Paralysed by Grinder for 4 turns
  4064 | D:5      | Killed from afar by Grinder

Levels and vault maps discovered:
D:1:      erik_arrival_blinker_ship, layout_loops_corners, minmay_misc_feat_tiny
D:2:      lemuel_upstairs_altar, layout_loops_ring,
          chequers_ecumenical_altar_grove
D:3:      layout_basic, overflow_temple_1_default, minmay_quadrilaterals
D:4:      layout_cave_pods, first_ration
D:5:      layout_basic, gammafunk_temple_overflow_elements, uniq_sigmund,
          uniq_duvessa, uniq_grinder

Skill      XL: |  1  2  3  4  5  6 |
---------------+-------------------+-----
Axes           | 3 4 5 6 8 9 |  9.4
Fighting       | |  3.6
Armour         | |  3.2
Shields        | |  3.2

Action                   |  1- 3 |  4- 6 || total
-------------------------+-------+-------++-------
Melee: War axe           |    84 |   209 ||   293
  Eat: Chunk             |     2 |     8 ||    10
Armor: Scale mail        |    28 |     1 ||    29
       Plate armour      |       |   108 ||   108
Dodge: Dodged            |    32 |    31 ||    63
Block: Shield            |    44 |    95 ||   139
